TOP OF THE 1ST |
Hendersonville Hitmen batting - Pitching for Boston Rebels : RHP Martín Ramírez
|
Pitching: RHP Martín Ramírez
|
|
Batting: RHB Junior Vargas
|
0-0: Called Strike 0-1: Ball 1-1: Ball 2-1: Fly out, F8 (Flyball, 8LXD)
|
Batting: LHB Lorenzo Quintanilla
|
0-0: Called Strike 0-1: SINGLE (Groundball, 4MD)
|
Batting: RHB Manolo Román
|
0-0: SINGLE (Line Drive, 7LS) Lorenzo Quintanilla to second
|
Batting: LHB Tony Abete
|
0-0: Ball 1-0: Foul Ball, location: 2F 1-1: Called Strike 1-2: Ball 2-2: Foul Ball, location: 2F 2-2: Ball 3-2: Base on Balls Lorenzo Quintanilla to third Manolo Román to second
|
Batting: SHB Tony López
|
0-0: Ball 1-0: SINGLE (Groundball, 6MD) Lorenzo Quintanilla scores Manolo Román to third Tony Abete to second Runner from 3rd tries for Home, SAFE, no throw or cutoff
|
Batting: LHB Jerry Johnston
|
0-0: Fly out, F9 (Flyball, 89S)
|
Batting: LHB Enrique Nalasco
|
0-0: Swinging Strike 0-1: Ball 1-1: Ball 2-1: Foul Ball, location: 2F 2-2: Strikes out swinging
|
Top of the 1st over - 2 run(s), 3 hit(s), 0 error(s), 2 left on base; Hendersonville 2 - Boston 0 |
BOTTOM OF THE 1ST |
Boston Rebels batting - Pitching for Hendersonville Hitmen : RHP Samuel Émond
|
Pitching: RHP Samuel Émond
|
|
Batting: LHB Bill Wilson
|
0-0: Bunt for hit - play at first, batter OUT! 5-3
|
Batting: LHB Stanley Mullins
|
0-0: SINGLE (Line Drive, 78M)
|
Batting: LHB Ricardo Brandariz
|
0-0: Fly out, F7 (Flyball, 7M)
|
Batting: LHB Lorenzo Flores
|
0-0: Ball 1-0: SINGLE (Line Drive, 9S) Stanley Mullins to second
|
Batting: SHB Javier Villegas
|
0-0: Ball 1-0: Foul Ball, location: 2F 1-1: Fly out, F8 (Flyball, 8LD)
|
Bottom of the 1st over - 0 run(s), 2 hit(s), 0 error(s), 2 left on base; Hendersonville 2 - Boston 0 |
TOP OF THE 2ND |
Hendersonville Hitmen batting - Pitching for Boston Rebels : RHP Martín Ramírez
|
Batting: RHB Robert Buckley
|
0-0: SINGLE (Line Drive, 6MD)
|
Batting: RHB Taylor McFarland
|
0-0: Foul Ball, location: 2F 0-1: Foul Ball, location: 2F 0-2: Ball 1-2: Fly out, F6 (Popup, 6M)
|
Batting: RHB Junior Vargas
|
0-0: SINGLE (Line Drive, 56) Robert Buckley to second
|
Batting: LHB Lorenzo Quintanilla
|
0-0: Grounds into double play, 1-6-3 (Groundball, 15)
|
Top of the 2nd over - 0 run(s), 2 hit(s), 0 error(s), 1 left on base; Hendersonville 2 - Boston 0 |
BOTTOM OF THE 2ND |
Boston Rebels batting - Pitching for Hendersonville Hitmen : RHP Samuel Émond
|
Batting: RHB Clancy Booker
|
0-0: Foul Ball, location: 2F 0-1: Ball 1-1: Ground out 3-1 (Groundball, 3)
|
Batting: RHB Ronnie Brown
|
0-0: Ball 1-0: Ground out 4-3 (Groundball, 4)
|
Batting: LHB Tony Ramírez
|
0-0: Fly out, F5 (Popup, 5D)
|
Bottom of the 2nd over - 0 run(s), 0 hit(s), 0 error(s), 0 left on base; Hendersonville 2 - Boston 0 |
TOP OF THE 3RD |
Hendersonville Hitmen batting - Pitching for Boston Rebels : RHP Martín Ramírez
|
Batting: RHB Manolo Román
|
0-0: Foul Ball, location: 2F 0-1: Swinging Strike 0-2: Ball 1-2: Strikes out swinging
|
Batting: LHB Tony Abete
|
0-0: Called Strike 0-1: Fly out, F6 (Popup, 78S)
|
Batting: SHB Tony López
|
0-0: Swinging Strike 0-1: Ball 1-1: Called Strike 1-2: Ball 2-2: Foul Ball, location: 2F 2-2: Ground out 1-3 (Groundball, 15S)
|
Top of the 3rd over - 0 run(s), 0 hit(s), 0 error(s), 0 left on base; Hendersonville 2 - Boston 0 |
BOTTOM OF THE 3RD |
Boston Rebels batting - Pitching for Hendersonville Hitmen : RHP Samuel Émond
|
Batting: RHB Rubén Matos
|
0-0: Ball 1-0: Called Strike 1-1: Ball 2-1: Ground out 3-1 (Groundball, 34)
|
Batting: LHB Bill Wilson
|
0-0: Called Strike 0-1: Foul Ball, location: 2F 0-2: Ball 1-2: Foul Ball, location: 2F 1-2: DOUBLE (Line Drive, 3L)
|
Batting: LHB Stanley Mullins
|
0-0: SINGLE (Groundball, 6MD) Bill Wilson to third Runner from 3rd tries for Home, SAFE, no throw or cutoff
|
Batting: LHB Ricardo Brandariz
|
0-0: Called Strike 0-1: Ball 1-1: Fly out, F9 (Flyball, 9M)
|
Batting: LHB Lorenzo Flores
|
0-0: Ground out 4-3 (Groundball, 4)
|
Bottom of the 3rd over - 1 run(s), 2 hit(s), 0 error(s), 1 left on base; Hendersonville 2 - Boston 1 |
TOP OF THE 4TH |
Hendersonville Hitmen batting - Pitching for Boston Rebels : RHP Martín Ramírez
|
Batting: LHB Jerry Johnston
|
0-0: Swinging Strike 0-1: Ball 1-1: Fly out, F8 (Flyball, 8LD)
|
Batting: LHB Enrique Nalasco
|
0-0: Called Strike 0-1: Swinging Strike 0-2: Ball 1-2: Foul Ball, location: 2F 1-2: Strikes out looking
|
Batting: RHB Robert Buckley
|
0-0: Ball 1-0: Called Strike 1-1: Called Strike 1-2: Ground out 5-3 (Groundball, 5S)
|
Top of the 4th over - 0 run(s), 0 hit(s), 0 error(s), 0 left on base; Hendersonville 2 - Boston 1 |
BOTTOM OF THE 4TH |
Boston Rebels batting - Pitching for Hendersonville Hitmen : RHP Samuel Émond
|
Batting: SHB Javier Villegas
|
0-0: Ball 1-0: Ball 2-0: Ground out U3 (Groundball, 3S)
|
Batting: RHB Clancy Booker
|
0-0: Ball 1-0: Ball 2-0: Ball 3-0: Called Strike 3-1: Fly out, F6 (Popup, 56)
|
Batting: RHB Ronnie Brown
|
0-0: Ground out 5-3 (Groundball, 15S)
|
Bottom of the 4th over - 0 run(s), 0 hit(s), 0 error(s), 0 left on base; Hendersonville 2 - Boston 1 |
TOP OF THE 5TH |
Hendersonville Hitmen batting - Pitching for Boston Rebels : RHP Martín Ramírez
|
Pitching: RHP Chad Field
|
|
Batting: RHB Taylor McFarland
|
0-0: Ball 1-0: Fly out, F8 (Flyball, 8LM)
|
Batting: RHB Junior Vargas
|
0-0: Ball 1-0: Called Strike 1-1: SOLO HOME RUN (Flyball, 78XD), Distance : 418 ft
|
Batting: LHB Lorenzo Quintanilla
|
0-0: Called Strike 0-1: Ball 1-1: Called Strike 1-2: Ground out 4-3 (Groundball, 4)
|
Batting: RHB Manolo Román
|
0-0: Ball 1-0: Ball 2-0: Ball 3-0: Called Strike 3-1: Base on Balls
|
Batting: LHB Tony Abete
|
0-0: Called Strike 0-1: Foul Ball, location: 2F 0-2: Strikes out swinging
|
Top of the 5th over - 1 run(s), 1 hit(s), 0 error(s), 1 left on base; Hendersonville 3 - Boston 1 |
BOTTOM OF THE 5TH |
Boston Rebels batting - Pitching for Hendersonville Hitmen : RHP Samuel Émond
|
Pitching: RHP Erik Estes
|
|
Batting: LHB Tony Ramírez
|
0-0: Fly out, F7 (Flyball, 7S)
|
Batting: RHB Rubén Matos
|
0-0: Ball 1-0: Called Strike 1-1: SINGLE (Line Drive, 8RS)
|
Batting: LHB Bill Wilson
|
0-0: Ball 1-0: Called Strike 1-1: Ball 2-1: Ball 3-1: Fly out, F4 (Popup, 8RS)
|
Batting: LHB Stanley Mullins
|
0-0: Ball 1-0: Ball 2-0: TRIPLE (Line Drive, 9D) Rubén Matos scores
|
Batting: LHB Ricardo Brandariz
|
0-0: Ball 1-0: Swinging Strike 1-1: Swinging Strike 1-2: Strikes out looking
|
Bottom of the 5th over - 1 run(s), 2 hit(s), 0 error(s), 1 left on base; Hendersonville 3 - Boston 2 |
TOP OF THE 6TH |
Hendersonville Hitmen batting - Pitching for Boston Rebels : RHP Chad Field
|
Batting: SHB Tony López
|
0-0: Ball 1-0: SINGLE (Groundball, 2R) (infield hit)
|
Batting: LHB Jerry Johnston
|
0-0: Ball 1-0: Ball 2-0: Called Strike 2-1: SINGLE (Groundball, 4MD) Tony López to second
|
Batting: LHB Enrique Nalasco
|
0-0: Called Strike 0-1: Foul Ball, location: 2F 0-2: Foul Ball, location: 2F 0-2: Strikes out swinging
|
Batting: RHB Robert Buckley
|
0-0: Called Strike 0-1: Ground out 5-3 (Groundball, 5S) Tony López to third Jerry Johnston to second
|
Batting: RHB Taylor McFarland
|
0-0: Swinging Strike 0-1: Ball 1-1: Ball 2-1: Fly out, F7 (Flyball, 7M)
|
Top of the 6th over - 0 run(s), 2 hit(s), 0 error(s), 2 left on base; Hendersonville 3 - Boston 2 |
BOTTOM OF THE 6TH |
Boston Rebels batting - Pitching for Hendersonville Hitmen : RHP Erik Estes
|
Batting: LHB Lorenzo Flores
|
0-0: Reached on error, E1 (Groundball, 13S)
|
Batting: SHB Javier Villegas
|
0-0: Called Strike 0-1: Ball 1-1: Foul Ball, location: 2F 1-2: Strikes out swinging
|
Batting: RHB Clancy Booker
|
0-0: Ball 1-0: Called Strike 1-1: Ball 2-1: Fielders Choice at 2nd, 6-4 (Groundball, 6)
|
Batting: RHB Ronnie Brown
|
0-0: Ball 1-0: Called Strike 1-1: Fly out, F7 (Line Drive, 7M)
|
Bottom of the 6th over - 0 run(s), 0 hit(s), 1 error(s), 1 left on base; Hendersonville 3 - Boston 2 |
TOP OF THE 7TH |
Hendersonville Hitmen batting - Pitching for Boston Rebels : RHP Chad Field
|
Pitching: RHP Tony Rocha
|
|
Pinch Hitting: RHB Bill Mark
|
0-0: Ball 1-0: Swinging Strike 1-1: Ball 2-1: Ball 3-1: Ground out 1-3 (Groundball, 13S)
|
Pinch Hitting: LHB José Flores
|
0-0: Swinging Strike 0-1: Swinging Strike 0-2: Ball 1-2: Strikes out looking
|
Pinch Hitting: RHB Felipe Rivera
|
0-0: Ball 1-0: Foul Ball, location: 2F 1-1: Foul Ball, location: 2F 1-2: Strikes out swinging
|
Top of the 7th over - 0 run(s), 0 hit(s), 0 error(s), 0 left on base; Hendersonville 3 - Boston 2 |
BOTTOM OF THE 7TH |
Boston Rebels batting - Pitching for Hendersonville Hitmen : RHP Erik Estes
|
Pitching: RHP Julián Romero
|
|
Now at 2B: Bill Mark
|
|
Now at 3B: David Johnstone
|
|
Now in RF: Felipe Rivera
|
|
Batting: LHB Tony Ramírez
|
0-0: Ball 1-0: Swinging Strike 1-1: Fly out, F2 (Popup, 2LF)
|
Batting: RHB Rubén Matos
|
0-0: Called Strike 0-1: SINGLE (Line Drive, 4D)
|
Batting: LHB Bill Wilson
|
0-0: Ground out 5-3 (Groundball, 5L) Rubén Matos to second
|
Batting: LHB Doyle Otterburn
|
0-0: Ball 1-0: Called Strike 1-1: Foul Ball, location: 2F 1-2: Foul Ball, location: 2F 1-2: Ground out 4-3 (Groundball, 34)
|
Bottom of the 7th over - 0 run(s), 1 hit(s), 0 error(s), 1 left on base; Hendersonville 3 - Boston 2 |
TOP OF THE 8TH |
Hendersonville Hitmen batting - Pitching for Boston Rebels : RHP Tony Rocha
|
Batting: LHB Pedro Gonzáles
|
0-0: Foul Ball, location: 2F 0-1: Ground out 4-3 (Groundball, 4M)
|
Pinch Hitting: RHB Mal Snyder
|
0-0: Ball 1-0: Called Strike 1-1: Swinging Strike 1-2: Strikes out swinging
|
Batting: LHB Jerry Johnston
|
0-0: Swinging Strike 0-1: Foul Ball, location: 2F 0-2: Strikes out swinging
|
Top of the 8th over - 0 run(s), 0 hit(s), 0 error(s), 0 left on base; Hendersonville 3 - Boston 2 |
BOTTOM OF THE 8TH |
Boston Rebels batting - Pitching for Hendersonville Hitmen : RHP Julián Romero
|
Now in CF: Eduardo García
|
|
Batting: LHB Ricardo Brandariz
|
0-0: Ball 1-0: Ball 2-0: Called Strike 2-1: Ball 3-1: Base on Balls
|
Pinch Hitting: LHB Jeff Gordon
|
0-0: Ball 1-0: Foul Ball, location: 2F 1-1: Fielders Choice at 2nd, 4-6 (Groundball, 4M)
|
Pinch Hitting: RHB Felipe Olivas
|
0-0: Called Strike 0-1: Ball Balk! Jeff Gordon to second 1-1: Foul Ball, location: 2F 1-2: Ball 2-2: Foul Ball, location: 2F 2-2: Fly out, F3 (Popup, 3L)
|
Batting: RHB Clancy Booker
|
0-0: Called Strike 0-1: Ground out 6-3 (Groundball, 6)
|
Bottom of the 8th over - 0 run(s), 0 hit(s), 0 error(s), 1 left on base; Hendersonville 3 - Boston 2 |
TOP OF THE 9TH |
Hendersonville Hitmen batting - Pitching for Boston Rebels : RHP Tony Rocha
|
Now at 2B: Felipe Olivas
|
|
Now in RF: Jeff Gordon
|
|
Pinch Hitting: RHB Lúcio García
|
0-0: Fly out, F8 (Flyball, 8RM)
|
Pinch Hitting: RHB Robert Bly
|
0-0: Called Strike 0-1: Ball 1-1: Ball 2-1: Foul Ball, location: 2F 2-2: Foul Ball, location: 2F 2-2: Strikes out swinging
|
Pinch Hitting: RHB Edgardo Carrasco
|
0-0: Foul Ball, location: 2F 0-1: Foul Ball, location: 2F 0-2: Strikes out looking
|
Top of the 9th over - 0 run(s), 0 hit(s), 0 error(s), 0 left on base; Hendersonville 3 - Boston 2 |
BOTTOM OF THE 9TH |
Boston Rebels batting - Pitching for Hendersonville Hitmen : RHP Julián Romero
|
Pitching: RHP Robinson Gonzáles
|
|
Now at C: Robert Bly
|
|
Now at SS: Alfredo Rangel
|
|
Now in RF: Lúcio García
|
|
Batting: RHB Ronnie Brown
|
0-0: Called Strike 0-1: Ball 1-1: Swinging Strike 1-2: Strikes out looking
|
Pinch Hitting: RHB Rob Whitley
|
0-0: Called Strike 0-1: Ball 1-1: Swinging Strike 1-2: SOLO HOME RUN (Line Drive, 78XD), Distance : 428 ft
|
Batting: RHB Rubén Matos
|
0-0: Ball 1-0: Ground out 6-3 (Groundball, 6)
|
Batting: LHB Bill Wilson
|
0-0: Ball 1-0: Called Strike 1-1: SINGLE (Line Drive, 8LS)
|
Batting: LHB Doyle Otterburn
|
0-0: Ball 1-0: Foul Ball, location: 2F 1-1: Foul Ball, location: 2F 1-2: Strikes out swinging
|
Bottom of the 9th over - 1 run(s), 2 hit(s), 0 error(s), 1 left on base; Hendersonville 3 - Boston 3 |
TOP OF THE 10TH |
Hendersonville Hitmen batting - Pitching for Boston Rebels : RHP Tony Rocha
|
Pitching: RHP Manuel Jimenen
|
|
Now at SS: Peter Sexton
|
|
Batting: RHB Bill Mark
|
0-0: Ground out 6-3 (Groundball, 6)
|
Batting: SHB David Johnstone
|
0-0: Called Strike 0-1: Ball 1-1: Ground out 4-3 (Groundball, 4)
|
Batting: RHB Felipe Rivera
|
0-0: Ball 1-0: Fly out, F8 (Flyball, 8LD)
|
Top of the 10th over - 0 run(s), 0 hit(s), 0 error(s), 0 left on base; Hendersonville 3 - Boston 3 |
BOTTOM OF THE 10TH |
Boston Rebels batting - Pitching for Hendersonville Hitmen : RHP Robinson Gonzáles
|
Batting: LHB Ricardo Brandariz
|
0-0: Ground out 6-3 (Groundball, 6)
|
Batting: LHB Jeff Gordon
|
0-0: Ball 1-0: Called Strike 1-1: Foul Ball, location: 2F 1-2: Strikes out swinging
|
Batting: RHB Felipe Olivas
|
0-0: DOUBLE (Line Drive, 3L)
|
Pinch Hitting: RHB Roberto Chávez
|
0-0: Ball 1-0: Ball 2-0: Ground out 3-1 (Groundball, 34S)
|
Bottom of the 10th over - 0 run(s), 1 hit(s), 0 error(s), 1 left on base; Hendersonville 3 - Boston 3 |
TOP OF THE 11TH |
Hendersonville Hitmen batting - Pitching for Boston Rebels : RHP Manuel Jimenen
|
Now in LF: Roberto Chávez
|
|
Batting: LHB Pedro Gonzáles
|
0-0: Called Strike 0-1: Ball 1-1: Called Strike 1-2: Strikes out swinging
|
Batting: RHB Eduardo García
|
0-0: SINGLE (Groundball, 4MD)
|
Pinch Hitting: RHB Jesús Cruz
|
0-0: Ball 1-0: Foul Ball, location: 2F 1-1: Foul Ball, location: 2F 1-2: Ball 2-2: Foul Ball, location: 2F 2-2: Foul Ball, location: 2F 2-2: Foul Ball, location: 2F 2-2: Foul Ball, location: 2F 2-2: Ball 3-2: Base on Balls Eduardo García to second
|
Batting: RHB Lúcio García
|
0-0: Ball 1-0: Called Strike 1-1: Ball 2-1: Foul Ball, location: 2F 2-2: Ball 3-2: Base on Balls Eduardo García to third Jesús Cruz to second
|
Batting: RHB Robert Bly
|
0-0: Ball 1-0: Called Strike 1-1: Fly out, F8 (Line Drive, 8LM) Runner from 3rd tags up, SCORES, no throw
|
Batting: RHB Alfredo Rangel
|
0-0: Called Strike 0-1: SINGLE (Line Drive, 6) Jesús Cruz to third Lúcio García to second Runner from 3rd tries for Home, SAFE, no throw or cutoff
|
Batting: RHB Bill Mark
|
0-0: Ball 1-0: Called Strike 1-1: Swinging Strike 1-2: Ball 2-2: Foul Ball, location: 2F 2-2: Ball 3-2: Foul Ball, location: 2F 3-2: Foul Ball, location: 2F 3-2: Strikes out looking
|
Top of the 11th over - 2 run(s), 2 hit(s), 0 error(s), 2 left on base; Hendersonville 5 - Boston 3 |
BOTTOM OF THE 11TH |
Boston Rebels batting - Pitching for Hendersonville Hitmen : RHP Robinson Gonzáles
|
Pitching: LHP Felipe Ramos
|
|
Now at 1B: Phil Jacobs
|
|
Batting: RHB Ronnie Brown
|
0-0: DOUBLE (Flyball, 78M)
|
Batting: RHB Peter Sexton
|
0-0: Ground out 6-3 (Groundball, 6)
|
Batting: RHB Rubén Matos
|
0-0: Ball 1-0: Ball 2-0: Called Strike 2-1: Swinging Strike 2-2: Foul Ball, location: 2F 2-2: Foul Ball, location: 2F 2-2: Ball 3-2: Base on Balls
|
Batting: LHB Bill Wilson
|
0-0: Ground out U3 (Groundball, 3S) Ronnie Brown to third Rubén Matos to second
|
Batting: LHB Doyle Otterburn
|
0-0: Ball 1-0: Ball 2-0: Fly out, F8 (Flyball, 8RS)
|
Bottom of the 11th over - 0 run(s), 1 hit(s), 0 error(s), 2 left on base; Hendersonville 5 - Boston 3 |
|